 Dungeon Crawl Stone Soup version 0.17.0-28-g6e173f8 (webtiles) character file.

287 Rex the Shield-Bearer (level 6, -16/53 HPs)
             Began as a Minotaur Fighter on Nov 30, 2015.
             Demolished by an ogre
             ... wielding a +0 giant club
              (23 damage)
             ... on level 3 of the Dungeon.
             The game lasted 00:06:36 (2491 turns).

Rex the Shield-Bearer (Minotaur Fighter)            Turns: 2491, Time: 00:06:38

Health: -16/53     AC:  7    Str: 22    XL:     6   Next: 8%
Magic:  5/5        EV:  8    Int:  5    God:
Gold:   149        SH: 10    Dex: 10    Spells: 0 memorised, 5 levels left

rFire  . . .     SeeInvis .     a - +0 war axe
rCold  . . .     Clarity  +     b - +0 scale mail
rNeg   . . .     SustAt   +     c - +0 shield
rPois  .         Gourm    .     (helmet restricted)
rElec  .         Spirit   .     (no cloak)
rCorr  .         Warding  .     (no gloves)
rMut   .         Stasis   .     (no boots)
MR     .....                    h - amulet of clarity
Stlth  ..........               (no ring)
                                m - ring of sustain attributes

@: not resistant to hostile enchantments, extremely unstealthy
A: retaliatory headbutt, horns 2
a: no special abilities


You were on level 3 of the Dungeon.
You were not hungry.

You visited 1 branch of the dungeon, and saw 3 of its levels.

You collected 149 gold pieces.

Inventory:

Hand Weapons
 a - a +0 war axe (weapon)
Armour
 b - a +0 scale mail (worn)
 c - a +0 shield (worn)
Jewellery
 h - an amulet of clarity (around neck)
 m - a ring of sustain attributes (left hand)
Scrolls
 g - 2 scrolls of identify
 i - a scroll of teleportation
Potions
 d - a potion of might
 f - a potion of curing
 p - a potion of flight
Comestibles
 e - 5 bread rations
 j - 2 beef jerkies
 k - a slice of pizza
 l - 8 chunks of flesh


   Skills:
 + Level 4.7 Fighting
 + Level 4.1 Axes
 + Level 4.6 Armour
 + Level 2.5 Dodging
 + Level 0.3 Stealth
 + Level 5.2 Shields


You had 5 spell levels left.
You didn't know any spells.

Dungeon Overview and Level Annotations

Branches:
Dungeon (3/15)

Altars:
Makhleb
Vehumet


Innate Abilities, Weirdness & Mutations

You reflexively headbutt those who attack you in melee.
You have a pair of horns on your head.


Message History

A gnoll and an ogre come into view.
The gnoll shouts!
A gnoll comes into view. It is wielding a spear.
The gnoll shouts!
You block the gnoll's attack.
You hit the gnoll. You headbutt the gnoll!
The gnoll is severely wounded.
The gnoll hits you but does no damage.
You slash the gnoll!
You kill the gnoll!
The gnoll barely misses you. The ogre hits you with a giant club!
You see here a spear.
You slash the ogre!
The ogre is moderately wounded.
You slash the gnoll!
The gnoll is severely wounded.
The gnoll hits you from afar with a spear!
* * * LOW HITPOINT WARNING * * *
The ogre hits you with a giant club!!
You die...

...'...)))....g.
#....#....$.. #....#.......
############''''###########
............................
≈≈≈≈≈≈≈≈≈≈≈≈....≈≈≈≈≈≈≈≈≈≈≈≈
≈≈≈≈≈≈≈≈≈≈≈≈..g.≈≈≈≈≈≈≈≈≈≈≈≈
≈≈≈≈≈≈≈≈≈≈≈≈...O≈≈≈≈≈≈≈≈≈≈≈≈
...............g@...........
............#..##...........
...................)........
.........##########.).......
.........# #))..######
.......#..# ##.#..#
......###.. ##.....####
........ .. ###.........##
.......# #............##


You could see an ogre and 2 gnolls.

Vanquished Creatures
  An orc priest (D:3)
  A hound (D:3)
  10 gnolls (D:3)
  6 adders
  A worm (D:2)
  A giant gecko (D:1)
  4 orcs (D:3)
  5 bats
  2 giant cockroaches (D:1)
  10 goblins
  11 hobgoblins
  7 jackals (D:3)
  A ball python (D:1)
  2 giant newts (D:1)
  9 kobolds
  7 rats
78 creatures vanquished.

Notes
Turn   | Place    | Note
--------------------------------------------------------------
     0 | D:1      | Rex the Minotaur Fighter began the quest for the Orb.
     0 | D:1      | Reached XP level 1. HP: 19/19 MP: 0/0
   226 | D:1      | Reached XP level 2. HP: 27/27 MP: 1/1
   328 | D:1      | Reached skill level 4 in Shields
   506 | D:1      | Reached skill level 1 in Dodging
   511 | D:1      | Reached XP level 3. HP: 33/33 MP: 2/2
  1727 | D:3      | Reached XP level 4. HP: 39/41 MP: 3/3
  1813 | D:3      | Reached XP level 5. HP: 44/47 MP: 4/4
  2020 | D:3      | Found a radiant altar of Vehumet.
  2127 | D:3      | Found a burning altar of Makhleb.
  2303 | D:3      | Reached skill level 5 in Shields
  2367 | D:3      | Reached XP level 6. HP: 11/53 MP: 5/5
  2486 | D:3      | Noticed an ogre
  2491 | D:3      | Demolished by an ogre

Action                   |  1- 3 |  4- 6 || total
-------------------------+-------+-------++-------
Melee: War axe           |    97 |    79 ||   176
  Use: Potion            |     2 |       ||     2
       Scroll            |     4 |       ||     4
  Eat: Chunk             |     3 |     2 ||     5
